 Dungeon Crawl Stone Soup version 0.31.0-32-g396128a36d (webtiles) character file.

Game seed: 15218547004961043688

214 TacoSundae the Ruffian (level 5, -3/40 (41) HPs)
             Began as a Gnoll Shapeshifter on Apr 15, 2024.
             Slain by a wight
             ... wielding a +0 dire flail
              (16 damage)
             ... on level 4 of the Dungeon.
             The game lasted 00:06:39 (2608 turns).

TacoSundae the Ruffian (Gnoll Shapeshifter)         Turns: 2608, Time: 00:06:40

HP:   -3/40 (41)    AC:  5    Str: 15    XL:     5   Next: 92%
MP:   7/7           EV: 12    Int:  9    God:
Gold: 150           SH:  0    Dex: 12    Spells: 7/7 levels left

rFire   . . .        r - +3 trident
rCold   . . .        (no shield)
rNeg    . . .        g - +0 ring mail
rPois   .            (helmet currently unavailable)
rElec   .            (cloak currently unavailable)
rCorr   .            (gloves currently unavailable)
SInv    .            (boots currently unavailable)
Will    .....        (no amulet)
Stlth   +            (no ring)
HPRegen 0.26/turn    (no ring)
MPRegen 0.10/turn

%: no passive effects
@: beast-form, lightly drained
A: beast (slay +3), fangs 1, strong nose, distributed training
a: Begin Untransformation


You were on level 4 of the Dungeon.
You were a hulking beast.
You visited 1 branch of the dungeon, and saw 4 of its levels.

You collected 150 gold pieces.

Inventory:

Hand Weapons
 r - a +3 trident (weapon)
 u - a +3 falchion of flaming
Missiles
 j - a throwing net (quivered)
 p - 9 poisoned darts
Armour
 g - a +0 ring mail (worn)
 n - a +2 pair of boots
Jewellery
 q - a ring of protection from fire
Talismans
 c - a beast talisman
 d - a flux talisman
Wands
 t - a wand of flame (6)
Scrolls
 a - a scroll of amnesia {unknown}
 h - 2 scrolls of teleportation {unknown}
 i - a scroll of enchant weapon {unknown}
 k - 2 scrolls of identify {unknown}
 s - a scroll of brand weapon {unknown}
Potions
 b - 2 potions of lignification
 e - 2 potions of attraction {unknown}
 f - a potion of degeneration {unknown}
 l - a potion of mutation {unknown}
 m - 2 potions of heal wounds {unknown}
 o - a potion of brilliance {unknown}


   Skills:
 + Level 3.1 Fighting
 + Level 1.8 Short Blades
 + Level 1.8 Long Blades
 + Level 1.8 Axes
 + Level 1.8 Maces & Flails
 + Level 1.8 Polearms
 + Level 1.8 Staves
 + Level 1.8 Ranged Weapons
 + Level 1.8 Throwing
 + Level 1.8 Armour
 + Level 4.9 Dodging
 + Level 1.8 Stealth
 + Level 1.8 Shields
 + Level 6.8 Unarmed Combat
 + Level 1.8 Spellcasting
 + Level 1.4 Conjurations
 + Level 1.4 Hexes
 + Level 1.4 Summonings
 + Level 1.4 Necromancy
 + Level 1.4 Translocations
 + Level 1.4 Fire Magic
 + Level 1.4 Ice Magic
 + Level 1.4 Air Magic
 + Level 1.4 Earth Magic
 + Level 1.4 Alchemy
 + Level 2.0 Invocations
 + Level 1.8 Evocations
 + Level 6.7 Shapeshifting


You had 7 spell levels left.
You didn't know any spells.
Your spell library contained the following spells:

 Spells                   Type           Power      Damage    Failure   Level
 Call Imp                 Summ           6%         N/A       50%         2
 Cigotuvi's Dreadful Rot  Necr/Alch/Air  6%         N/A       50%         2
 Sublimation of Blood     Necr           3%         N/A       50%         2
 Ignite Poison            Fire/Alch      3%         N/A       98%         4
 Freezing Cloud           Conj/Ice/Air   1%         6-21      100%        5
 Summon Hydra             Summ           1%         N/A       100%        7


Dungeon Overview and Level Annotations

Branches:
Dungeon (4/15)
 Temple: D:4-7

Altars:
Ru
Yredelemnul


Innate Abilities, Weirdness & Mutations

You are a hulking beast.
Your limbs bulge with bestial killing power. (Slay +3)
You have very sharp teeth.
Your uncanny sense of smell can sniff out nearby items.
Your experience applies equally to all skills.


Message History

A goblin comes into view. It is wielding a +0 club.
Found a stone staircase leading down.
The goblin shouts!
You see here a potion of lignification.
b - 2 potions of lignification (gained 1)
The goblin hits you but does no damage.
You punch the goblin!
You kill the goblin!
No target in view!
Found a war axe.
Found a basalt altar of Yredelemnul.
A wight comes into view. It is wielding a +4 hand axe.
The wight moves out of view.
You see here a +0 war axe.
A wight comes into view. It is wielding a +0 dire flail.
You see here a +0 war axe.
r - a +3 trident (weapon)
You reach to attack!
You hit the wight.
The wight is lightly damaged.
You puncture the wight! You bite the wight.
The wight is heavily damaged.
The wight hits you with a +4 hand axe.
You hit the wight.
The wight is severely damaged.
The wight hits you with a +4 hand axe!
You puncture the wight!
You destroy the wight!
Your Invocations skill increases to level 2!
You hit the wight but do no damage.
The wight hits you with a +0 dire flail.
You feel drained.
You closely miss the wight.
The wight hits you with a +0 dire flail!
* * * LOW HITPOINT WARNING * * *
You are too injured to fight recklessly!
You are too injured to fight recklessly!
You puncture the wight!
The wight is heavily damaged.
The wight hits you with a +0 dire flail!
You die...

†)..# ..P. ....# .....
....# .._...###### ....#
......z.)z.# <...#
..P..#####.## ##.## ...
#..# ...# . ##.##
####################..##.#
)...............hz...)..>#
##########################
.#.# .#.# .#.# .#.# .#.#


You could see a wight.

Vanquished Creatures
  A wight (D:4)
  A howler monkey (D:4)
  Robin (D:4)
  7 dart slugs
  6 orcs
  2 ball pythons
  6 bats
  7 endoplasms
  4 giant cockroaches
  15 goblins
  8 hobgoblins
  3 jackals (D:1)
  3 quokkas
  3 frilled lizards (D:1)
  10 kobolds
  5 rats
82 creatures vanquished.

Notes
Turn   | Place    | Note
-------+----------+-------------------------------------------
     0 | D:1      | TacoSundae the Gnoll Shapeshifter began the quest for the
                  | Orb.
     0 | D:1      | Reached XP level 1. HP: 17/17 MP: 1/1
   181 | D:1      | Reached XP level 2. HP: 21/23 MP: 2/2
   471 | D:1      | Reached XP level 3. HP: 28/28 MP: 3/3
   781 | D:2      | Reached skill level 1 in Invocations
  1032 | D:2      | Reached skill level 1 in Short Blades
  1032 | D:2      | Reached skill level 1 in Long Blades
  1032 | D:2      | Reached skill level 1 in Axes
  1032 | D:2      | Reached skill level 1 in Maces & Flails
  1032 | D:2      | Reached skill level 1 in Polearms
  1032 | D:2      | Reached skill level 1 in Staves
  1032 | D:2      | Reached skill level 1 in Ranged Weapons
  1032 | D:2      | Reached skill level 1 in Throwing
  1032 | D:2      | Reached skill level 1 in Armour
  1032 | D:2      | Reached skill level 1 in Stealth
  1032 | D:2      | Reached skill level 1 in Shields
  1032 | D:2      | Reached skill level 1 in Spellcasting
  1032 | D:2      | Reached skill level 1 in Evocations
  1456 | D:3      | Reached XP level 4. HP: 19/34 MP: 5/5
  1534 | D:3      | Identified the +7 chain mail "Daejoday" {rF- rN+ Str+2}
  2148 | D:4      | Reached skill level 1 in Conjurations
  2148 | D:4      | Reached skill level 1 in Hexes
  2148 | D:4      | Reached skill level 1 in Summonings
  2148 | D:4      | Reached skill level 1 in Necromancy
  2148 | D:4      | Reached skill level 1 in Translocations
  2148 | D:4      | Reached skill level 1 in Fire Magic
  2148 | D:4      | Reached skill level 1 in Ice Magic
  2148 | D:4      | Reached skill level 1 in Air Magic
  2148 | D:4      | Reached skill level 1 in Earth Magic
  2148 | D:4      | Reached skill level 1 in Alchemy
  2186 | D:4      | HP: 1/34 [orc/+3 trident (9)]
  2346 | D:4      | Found a sacrificial altar of Ru.
  2353 | D:4      | Reached XP level 5. HP: 36/40 MP: 5/7
  2513 | D:4      | Noticed Robin
  2522 | D:4      | Killed Robin
  2587 | D:4      | Found a basalt altar of Yredelemnul.
  2608 | D:4      | Slain by a wight

Illustrated notes

Levels and vault maps discovered:
D:1:      lemuel_arrival_muddy, layout_loops_ring, st_stairs_13
D:2:      layout_loops_cross
D:3:      layout_loops_ring
D:4:      layout_basic, nicolae_sif_muna_little_library,
          mainiacjoe_overflow_24_doors, mainiacjoe_overflow_tiny_flanked,
          gammafunk_ghost_grave, uniq_robin

Skill      XL: |  1  2  3  4  5 |
---------------+----------------+-----
Invocations    | 1 2 |  2.0
Short Blades   | 1 |  1.8
Long Blades    | 1 |  1.8
Axes           | 1 |  1.8
Maces & Flails | 1 |  1.8
Polearms       | 1 |  1.8
Staves         | 1 |  1.8
Ranged Weapons | 1 |  1.8
Throwing       | 1 |  1.8
Armour         | 1 |  1.8
Stealth        | 1 |  1.8
Shields        | 1 |  1.8
Spellcasting   | 1 |  1.8
Evocations     | 1 |  1.8
Conjurations   | 1 |  1.4
Hexes          | 1 |  1.4
Summonings     | 1 |  1.4
Necromancy     | 1 |  1.4
Translocations | 1 |  1.4
Fire Magic     | 1 |  1.4
Ice Magic      | 1 |  1.4
Air Magic      | 1 |  1.4
Earth Magic    | 1 |  1.4
Alchemy        | 1 |  1.4
Fighting       | 3 |  3.1
Dodging        | |  4.9
Unarmed Combat | |  6.8
Shapeshifting  | |  6.7

Action                     |  1- 3 |  4- 6 || total
---------------------------+-------+-------++-------
  Melee: Unarmed           |    98 |    67 ||   165
         Bite              |     4 |    10 ||    14
         Punch             |     2 |     1 ||     3
         Trident           |       |     7 ||     7
   Stab: Sleeping          |       |     2 ||     2
 Armour: Ring mail         |    56 |    29 ||    85
         Animal skin       |     1 |       ||     1
         Chain mail        |       |     1 ||     1
  Dodge: Dodged            |    55 |    28 ||    83
